 Dungeon Crawl Stone Soup version 0.24-a0-160-gfa3a8d6 (webtiles) character file.

Game seed: 8102355002604961034

248 tilp the Cleaver (level 6, -12/51 HPs)
             Began as a Hill Orc Monk on Mar 5, 2019.
             Mangled by an ogre
             ... wielding a +0 giant club
              (15 damage)
             ... on level 4 of the Dungeon.
             The game lasted 00:07:51 (3332 turns).

tilp the Cleaver (Hill Orc Monk)                    Turns: 3332, Time: 00:07:52

Health: -12/51     AC:  6    Str: 16    XL:     6   Next: 12%
Magic:  6/6        EV: 11    Int: 10    God:
Gold:   107        SH:  0    Dex: 13    Spells: 5/5 levels left

rFire    . . .     SeeInvis .   a - +0 war axe
rCold    . . .     Gourm    .   (no shield)
rNeg     . . .     Faith    .   v - +0 ring mail
rPois    .         Spirit   .   (no helmet)
rElec    .         Reflect  .   (no cloak)
rCorr    .         Harm     .   (no gloves)
MR       .....                  d - +0 pair of boots
Stlth    +.........             (no amulet)
HPRegen  0.17/turn              (no ring)
MPRegen  0.10/turn              (no ring)

@: no status effects
A: no striking features
a: no special abilities


You were on level 4 of the Dungeon.
You were not hungry.

You visited 1 branch of the dungeon, and saw 4 of its levels.

You collected 107 gold pieces.

Inventory:

Hand Weapons
 a - a +0 war axe (weapon)
Missiles
 h - 157 stones (quivered)
 q - 34 sling bullets
 r - 51 arrows
Armour
 d - a +0 pair of boots (worn)
 v - a +0 ring mail (worn)
Jewellery
 j - an uncursed ring of ice
Scrolls
 g - a scroll of magic mapping {unknown}
 o - 4 scrolls of teleportation
Potions
 e - a potion of curing
 k - 4 potions of mutation
 n - a potion of lignification
 p - a potion of heal wounds
 s - a potion of ambrosia
 t - a potion of agility {unknown}
 u - a potion of berserk rage {unknown}
 w - a potion of resistance {unknown}
 x - a potion of flight {unknown}
Comestibles
 c - 9 rations


   Skills:
 - Level 3.6 Fighting
 + Level 8.8 Axes
 - Level 2.4 Dodging
 - Level 1.5 Stealth


You had 5 spell levels left.
You didn't know any spells.
Your spell library was empty.

Dungeon Overview and Level Annotations

Branches:
Dungeon (4/15)
 Temple: D:4-7

Altars:
Ashenzari
Gozag
Hepliaklqana
Okawaru
Xom
The Shining One


Message History

You hit the adder skeleton. The ogre hits you with a +0 giant club!
* * * LOW HITPOINT WARNING * * *
The adder skeleton barely misses you.
Unknown command.
You slash the ogre!
The ogre is almost dead.
You completely miss the adder skeleton. The ogre completely misses you.
The adder skeleton misses you.
You hit the ogre.
The ogre is almost dead.
You hit the adder skeleton.
You destroy the adder skeleton!
The ogre hits you with a +0 giant club!
* * * LOW HITPOINT WARNING * * *
You hit the ogre but do no damage.
The ogre is almost dead.
You barely miss the leopard gecko.
The leopard gecko bites you but does no damage.
The ogre hits you with a +0 giant club!
You die...

. ...
#..#######.....
#......@Oh.....
..?...##lo.....
...## o#..... .
o. .P.. .P≈ ≈.#
P≈.≈ ≈♣ ≈≈≈(. #
≈.≈≈≈♣


You could see an ogre, a hound, an orc wizard, 2 orcs and a leopard gecko.

Vanquished Creatures
  A bullfrog (D:3)
  Jessica (D:2)
  6 adders
  2 oozes
  An adder skeleton (D:4)
  5 worms
  A dart slug (D:3)
  3 leopard geckos
  An orc (D:4)
  A ball python (D:3)
  8 bats
  4 giant cockroaches
  9 goblins
  7 hobgoblins
  6 kobolds
  4 quokkas
  3 frilled lizards
  15 rats
78 creatures vanquished.

Notes
Turn   | Place    | Note
-------+----------+-------------------------------------------
     0 | D:1      | tilp the Hill Orc Monk began the quest for the Orb.
     0 | D:1      | Reached XP level 1. HP: 19/19 MP: 1/1
   411 | D:1      | Reached XP level 2. HP: 26/26 MP: 2/2
   435 | D:1      | Reached skill level 5 in Axes
   674 | D:1      | Reached XP level 3. HP: 31/31 MP: 3/3
  1029 | D:2      | Noticed Jessica
  1050 | D:2      | HP: 1/31 [Jessica/nerve-wracking pain (4)]
  1053 | D:2      | Killed Jessica
  1053 | D:2      | Reached skill level 6 in Axes
  1053 | D:2      | Reached XP level 4. HP: 2/39 MP: 4/4
  1505 | D:2      | Found a shattered altar of Ashenzari.
  1505 | D:2      | Found a glowing golden altar of the Shining One.
  1506 | D:2      | Found an opulent altar of Gozag.
  1532 | D:2      | Reached skill level 7 in Axes
  1876 | D:2      | Reached XP level 5. HP: 45/45 MP: 5/5
  1902 | D:2      | Found a hazy altar of Hepliaklqana.
  1905 | D:2      | Found a shimmering altar of Xom.
  1911 | D:2      | Found an iron altar of Okawaru.
  2132 | D:2      | HP: 2/45 [poisoned by an adder]
  2140 | D:2      | HP: 1/45 [poisoned by an adder]
  2611 | D:3      | Reached skill level 8 in Axes
  3021 | D:3      | Reached XP level 6. HP: 47/51 MP: 6/6
  3332 | D:4      | Mangled by an ogre

Levels and vault maps discovered:
D:1:      co_arrival_square_in_a_square_in_a_square, layout_basic,
          minmay_close_crescents
D:2:      layout_loops_ring, grunt_temple_overflow_diamond,
          gammafunk_temple_overflow_claw, uniq_jessica
D:3:      minmay_recursive_quarters, layout_basic, first_ration,
          hangedman_decor_diamond_cutter, minmay_puff
D:4:      layout_rooms, minmay_temple_entry_antechambers, serial_bayou_pond_b

Skill      XL: |  1  2  3  4  5 |
---------------+----------------+-----
Axes           | 5 6 7 8 |  8.8
Fighting       | |  3.6
Dodging        | |  2.4
Stealth        | |  1.5

Action                   |  1- 3 |  4- 6 || total
-------------------------+-------+-------++-------
Melee: Hand axe          |    90 |   152 ||   242
       War axe           |       |    15 ||    15
Throw: Stone             |     1 |       ||     1
  Use: Scroll            |       |     9 ||     9
 Stab: Sleeping          |     6 |     3 ||     9
  Eat: Chunk             |     1 |     7 ||     8
Armor: Robe              |    14 |     5 ||    19
       Ring mail         |       |    25 ||    25
Dodge: Dodged            |    55 |    99 ||   154

Table legend:
 A = Non-vault XP
 B = Vault XP
 C = Vault XP percentage of total XP
 D = Non-vault monster count
 E = Vault monster count
 F = Vault count percentage of total count
                 A         B        C        D         E       F
            +---------+---------+-------+---------+---------+-------
      Total |     281 |      74 |  20.8 |      60 |      18 |  23.1
            +---------+---------+-------+---------+---------+-------
        D:1 |      43 |       4 |   8.5 |      22 |       2 |   8.3
        D:2 |      82 |      37 |  31.1 |      21 |       1 |   4.5
        D:3 |     147 |      28 |  16.0 |      14 |      14 |  50.0
        D:4 |       9 |       5 |  35.7 |       3 |       1 |  25.0
            +---------+---------+-------+---------+---------+-------
